 Dungeon Crawl Stone Soup version 0.28.0-45-g0d030f2227 (webtiles) character file.

Game seed: 4576831609773448467

1150 DingBat the Cleaver (level 8, -9/60 HPs)
             Began as a Formicid Fighter on May 31, 2022.
             Was a Follower of Elyvilon.
             Mangled by a gnoll sergeant
             ... wielding a +2 spear of venom
              (11 damage)
             ... on level 5 of the Dungeon.
             The game lasted 00:17:28 (5470 turns).

DingBat the Cleaver (Formicid Fighter)              Turns: 5470, Time: 00:17:28

Health: -9/60      AC: 11    Str: 23    XL:     8   Next: 65%
Magic:  8/8        EV:  7    Int: 14    God:    Elyvilon [*.....]
Gold:   518        SH:  4    Dex: 10    Spells: 7/7 levels left

rFire   . . .      SeeInvis +   a - +0 war axe
rCold   . . .      Faith    .   c - +0 buckler
rNeg    . . .      Spirit   .   r - +0 chain mail
rPois   .          Reflect  .   (helmet unavailable)
rElec   .          Harm     .   w - +0 cloak
rCorr   .          Rampage  .   A - +0 pair of gloves
Will    .....                   (no boots)
Stlth   ..........              (no amulet)
HPRegen 0.20/turn               l - +6 ring of intelligence
MPRegen 0.11/turn               o - +4 ring of slaying

@: lethally poisoned (-9 -> -24)
A: permanent stasis, dig shafts and tunnels, antennae 3, four strong arms
a: Dig, Shaft Self, Renounce Religion, Purification


You were on level 5 of the Dungeon.
You worshipped Elyvilon.
Elyvilon was aware of your devotion.
You visited 1 branch of the dungeon, and saw 5 of its levels.
You also visited: Ossuary.

You collected 518 gold pieces.

Inventory:

Hand Weapons
 a - a +0 war axe (weapon)
 i - a +0 spear
 k - a +0 dagger of venom
Missiles
 g - 166 stones (quivered)
 s - 18 poisoned darts
 E - 6 javelins
 F - 6 boomerangs
Armour
 c - a +0 buckler (worn)
 r - a +0 chain mail (worn)
 u - a scarf of harm
 w - a +0 cloak (worn)
 A - a +0 pair of gloves (worn)
Jewellery
 l - a +6 ring of intelligence (left hand)
 o - a +4 ring of slaying (right hand)
Wands
 v - a wand of digging (5)
 y - a wand of iceblast (6)
 B - a wand of flame (31)
Scrolls
 b - a scroll of noise {unknown}
 j - 2 scrolls of enchant weapon {unknown}
 m - a scroll of fear {unknown}
 n - a scroll of vulnerability {unknown}
 p - 2 scrolls of fog
 q - 2 scrolls of teleportation {unknown}
 t - a scroll of holy word {unknown}
 x - a scroll of summoning
Potions
 d - 2 potions of might
 e - 3 potions of curing
 f - 3 potions of brilliance {unknown}
 h - a potion of lignification {unknown}
 z - 2 potions of haste {unknown}
 C - a potion of magic {unknown}
 D - 2 potions of cancellation


   Skills:
 + Level 4.2 Fighting
 + Level 8.4 Axes
 + Level 3.2 Throwing
 + Level 4.2 Armour
 - Level 0.3 Dodging
 - Level 3.6 Shields
 + Level 1.5 Evocations


You had 7 spell levels left.
You didn't know any spells.
Your spell library contained the following spells:

 Spells                   Type           Power      Damage    Failure   Level
 Shock                    Conj/Air       0%         1d3       95%         1
 Airstrike                Air            0%         N/A       100%        4
 Summon Ice Beast         Ice/Summ       0%         N/A       100%        4
 Summon Mana Viper        Hex/Summ       0%         N/A       100%        5
 Monstrous Menagerie      Summ           0%         N/A       100%        7
 Swiftness                Air            Unusable   N/A       N/A         3

Dungeon Overview and Level Annotations

Branches:
Dungeon (5/15)            Ossuary (visited)
 Temple: D:4-7

Altars:
Elyvilon

Annotations:
D:1 exclusion: downstairs
D:2 exclusion: downstairs


Innate Abilities, Weirdness & Mutations

You cannot be hasted, slowed, berserked, paralysed or teleported.
You can dig through walls and to a lower floor.
You have a pair of large antennae on your head. (SInv)
Your four strong arms can wield two-handed weapons with a shield.


Message History

The gnoll sergeant barely misses you.
A gnoll comes into view. It is wielding a +0 club.
You feel very sick. You block the gnoll sergeant's attack.
You closely miss the gnoll sergeant.
The gnoll sergeant is moderately wounded.
You feel sick. The gnoll sergeant closely misses you.
You hit the gnoll sergeant.
The gnoll sergeant is severely wounded.
You feel sick.
The gnoll sergeant hits you with a +2 spear of venom!
You barely miss the gnoll sergeant.
The gnoll sergeant is severely wounded.
You feel sick.
The gnoll sergeant hits you but does no damage.
You are more poisoned.
You hit the gnoll sergeant.
The gnoll sergeant is severely wounded.
You feel sick.
The gnoll sergeant hits you with a +2 spear of venom!
You are more poisoned.
The gnoll sergeant hits you but does no damage.
You are lethally poisoned!
You hit the gnoll sergeant but do no damage.
The gnoll sergeant is severely wounded.
* * * LOW HITPOINT WARNING * * *
You feel extremely sick. The gnoll sergeant closely misses you.
You hit the gnoll sergeant but do no damage.
The gnoll sergeant is severely wounded.
* * * LOW HITPOINT WARNING * * *
You feel very sick.
The gnoll sergeant hits you with a +2 spear of venom.
* * * LOW HITPOINT WARNING * * *
You closely miss the gnoll sergeant.
The gnoll sergeant is severely wounded.
* * * LOW HITPOINT WARNING * * *
You feel very sick.
The gnoll sergeant hits you with a +2 spear of venom!
You die...

###..# #.# #>#
.....# #.# #.#
####.# #.## #.#
#.##### #..# #.#
#.....#
##.#####.#
#####.#
#.##....# #.#
#.##.#### #.#
###########.##.#
#.#
#....@gggg((...#
#.#
#.#########(####
#.# #.# #.# #.#
#.# #.# ##.###.#
#.#
#######...##.##
#.#
...........#..#
..#
#######....##.#
(##
.........#.##.#
.


You could see a gnoll sergeant and 3 gnolls.

Vanquished Creatures
  A necrophage (D:5)
  A scorpion (D:5)
  A bullfrog (D:5)
  3 electric eels (D:4)
  A hound (D:4)
  A jelly (D:4)
  A gnoll shaman (D:4)
  An orc priest (D:5)
  A centaur skeleton (D:5)
  2 bullfrog skeletons (D:5)
  A scorpion zombie (D:5)
  Ijyb (D:4)
  A killer bee zombie (D:5)
  A hound skeleton (D:4)
  8 mummies (Ossuary)
  15 gnolls
  8 adders
  2 ufetubi
  An adder skeleton (D:4)
  4 worms (D:2)
  3 dart slugs
  3 orcs
  4 bats
  9 endoplasms
  3 giant cockroaches (D:2)
  2 gnoll zombies (Ossuary)
  9 hobgoblins
  3 jackals
  9 kobolds
  4 quokkas
  11 ball pythons
  7 frilled lizards
  4 goblins
  2 hobgoblin zombies (Ossuary)
  3 kobold zombies (Ossuary)
  An orc zombie (Ossuary)
  8 rats
140 creatures vanquished.

Vanquished Creatures (collateral kills)
  An ogre (D:5)
  2 orcs (D:5)
3 creatures vanquished.

Vanquished Creatures (others)
  A plant (D:4)
1 creature vanquished.

Grand Total: 144 creatures vanquished

Notes
Turn   | Place    | Note
-------+----------+-------------------------------------------
     0 | D:1      | DingBat the Formicid Fighter began the quest for the Orb.
     0 | D:1      | Reached XP level 1. HP: 18/18 MP: 1/1
   229 | D:1      | Reached XP level 2. HP: 25/25 MP: 2/2
   885 | D:1      | Found a faded altar of an unknown god.
   916 | D:1      | Reached XP level 3. HP: 30/30 MP: 3/3
  1328 | D:2      | Reached XP level 4. HP: 36/37 MP: 4/4
  1341 | D:2      | Reached skill level 3 in Axes
  1524 | D:2      | Reached XP level 5. HP: 31/42 MP: 5/5
  2178 | D:2      | Reached skill level 1 in Throwing
  2563 | D:3      | Reached skill level 4 in Axes
  2915 | D:4      | Reached XP level 6. HP: 48/48 MP: 6/6
  2921 | D:4      | Found a transporter.
  3077 | D:4      | Noticed Ijyb
  3090 | D:4      | Killed Ijyb
  3139 | D:4      | Found a white marble altar of Elyvilon.
  3157 | D:4      | Became a worshipper of Elyvilon the Healer
  3769 | D:4      | Reached skill level 5 in Axes
  3769 | D:4      | Reached XP level 7. HP: 54/54 MP: 7/7
  3770 | D:4      | Found a transporter.
  4426 | D:5      | Entered Level 5 of the Dungeon
  4434 | D:5      | Reached skill level 6 in Axes
  4484 | D:5      | Reached XP level 8. HP: 18/60 MP: 8/8
  4530 | D:5      | Reached skill level 7 in Axes
  4566 | D:5      | Reached * piety under Elyvilon
  4603 | D:5      | Reached skill level 8 in Axes
  4613 | D:5      | Reached skill level 1 in Evocations
  4634 | D:5      | Found a sand-covered staircase.
  4638 | Ossuary  | Entered an ossuary
  5470 | D:5      | HP: 2/60 [poisoned by a gnoll sergeant]
  5470 | D:5      | Mangled by a gnoll sergeant

Illustrated notes

Levels and vault maps discovered:
D:1:      saegor_arrival_simple_a, layout_loops_cross,
          shapermc_ecumenical_altar_mp_highgroup
D:2:      minmay_razor_zed, layout_rooms
D:3:      layout_basic, grunt_ministairs_2
D:4:      gammafunk_steamed_eel, layout_loops_ring, elyvilon_altar_4,
          kennysheep_boxes, uniq_ijyb
D:5:      layout_loops_ring, enter_ossuary_5, minmay_misc_feat_diagonals,
          minmay_small_thing

Skill      XL: |  1  2  3  4  5  6  7  8 |
---------------+-------------------------+-----
Fighting       | 4 |  4.2
Axes           | 3 4 5 6 8 |  8.4
Armour         | 4 |  4.2
Throwing       | 1 3 |  3.2
Evocations     | 1 |  1.5
Dodging        | |  0.3
Shields        | |  3.6

Action                   |  1- 3 |  4- 6 |  7- 9 || total
-------------------------+-------+-------+-------++-------
Melee: War axe           |    57 |    99 |    63 ||   219
Throw: Stone             |    15 |    83 |    48 ||   146
       Dart              |       |    33 |    11 ||    44
       Boomerang         |       |       |    12 ||    12
       Javelin           |       |       |     1 ||     1
Evoke: Wand              |       |       |    16 ||    16
  Use: Scroll            |       |       |     5 ||     5
       Potion            |       |       |     1 ||     1
Armor: Scale mail        |    16 |    10 |       ||    26
       Chain mail        |       |    35 |    26 ||    61
Dodge: Dodged            |    21 |    34 |    16 ||    71
Block: Buckler           |    11 |    16 |     6 ||    33
